Zazza, neutral female human Tourist ---------------- |..............| ----- ##...............| ---------------#####..>.| # |..............| |.............|# |...| # -----.--------|- #..............|# #....| # # # #----------.----# ###----- # # #%@ #### ######## # # # # # # # # # ##############`### # ### # # # --------# # # # # # |.......################# -----# # # ##.......|######## # ###....|# # # # |......| ---+-# ###|...|# -------# # ### |......|####.....# ####....|# |.....+# ###### # |..<...| |...| # |...|# |.....| #--+-- ### |..#...| |...| ### |...|# |......#####|...| # -------- |...| # |....# ------- |....############ # |....##### ----- ----- ----- Zazza the Rambler Experience level: 1 Strength: 10 Dexterity: 12 Constitution: 17 Intelligence: 13 Wisdom: 7 Charisma: 16 Health: 0(12) Energy: 2(2) Def: 0 Gold: 47 Moves: 2430 Dungeon seed: _6nPX_iSWb1taYqU Game ID: Zazza_1621703482 Your Inventory: Coins $ - 47 gold pieces Amulets n - an uncursed amulet versus poison (being worn) Scrolls i - 3 uncursed scrolls of magic mapping Potions l - a cursed potion of extra healing named cursed w - an uncursed potion of extra healing Wands c - a wand of slow monster (0:3) m - a wand of polymorph (0:5) I - a wand of lightning (0:7) K - a wand of magic missile (0:3) S - a wand of polymorph (0:5) Tools j - an expensive camera (0:88) k - an uncursed credit card z - an uncursed bag of holding Contents of the bag of holding: 1473 gold pieces an uncursed amulet of magical breathing a cursed amulet of strangulation a +1 axe 25 +2 darts 8 +0 darts a +0 stiletto an uncursed +0 Hawaiian shirt an uncursed +0 helmet an uncursed candy bar an uncursed cream pie an uncursed egg 10 uncursed food rations 3 uncursed melons an uncursed pear 2 uncursed slime molds 4 uncursed tripe rations an uncursed scroll of amnesia an uncursed scroll of confuse monster a cursed scroll of destroy armor an uncursed scroll of enchant weapon a cursed scroll of enchant weapon an uncursed scroll of identify a cursed scroll of light a blessed scroll of remove curse an uncursed scroll of teleportation an uncursed spellbook of cone of cold an uncursed spellbook of detect monsters an uncursed spellbook of levitation an uncursed spellbook of sleep an uncursed potion of gain ability an uncursed potion of restore ability an uncursed potion of speed an uncursed +2 ring of increase damage an uncursed ring of searching a cursed ring of teleportation Spells and supernatural/magical abilities: Name Level Category Fail Memory n - detect monsters 1 divination 19% 95% z - sleep 1 enchantment 19% 95% W - pray for help -- divine ? -- Your skills at the end: Fighting Skills Weapon Skills dart [Basic] Spellcasting Skills Final Attributes: You were aligned. You were poison resistant. You are dead. Vanquished creatures: 2 shriekers a homunculus a green mold a gnome zombie 2 geckos 5 jackals 3 kobolds 2 goblins 11 grid bugs a bat a lichen 3 kobold zombies 7 newts 40 creatures vanquished. Voluntary challenges: You had been an atheist until turn 1869. You never hit with a wielded weapon. You had been a pacifist until turn 2430. You read items or engraved 7 times, starting on turn 326. You never genocided any monsters. You never polymorphed an object. You never changed form. You used no wishes. You never split a pudding. You wrote Elbereth's name 3 times, starting on turn 2370. You never violated your personal moral code. Dungeon overview: The Dungeons of Doom: levels 1 to 5 Level 1 a long staircase Level 2 a general store, a sink a long staircase Level 3 (g) a fountain Level 4 Level 5 <- You were here a sink History has recorded: On T:1 you entered the Dungeons of Doom to retrieve the Amulet of Yendor! On T:125 you reached level 2 of The Dungeons of Doom. On T:1891 you reached level 3 of The Dungeons of Doom. On T:2172 you reached level 4 of The Dungeons of Doom. On T:2312 you reached level 5 of The Dungeons of Doom. Score breakdown: Gold: 1457 (10762 points) Experience: 1 level ( 0 points) Exploration: 5 levels ( 10.20%) ( 8660 points) Discoveries: 11 items ( 3.69%) ( 5763 points) Valuables value: (no points given unless you survive) Artifact value: 0 ( 0 points) Variety of kills: 13 monsters ( 3.41%) ( 5541 points) Turncount: 2430 turns ( -288 points) Survival: died (score multiplied by 80%) Total score: 24350 Latest messages: This glass wand is a wand of lightning! You wipe out the message that was written in the dust here. You burn into the ground with a wand of lightning. Lightning arcs from the wand. You are blinded by the flash! You can't see! (You can feel around with 'grope', typically on ^G.) You try to feel what is lying here on the ground. Some text has been burned into the ground here. You feel the words: "Elbereth". You feel no objects here. You hear some noises in the distance. You hear some noises. You hear some noises in the distance. You can see again. (3x) You hit the bat. The bat bites! (2x) You kill the bat! The magic missile hits you! You die... Final status: Aloha Zazza the Tourist, killed by a magic missile... You died in The Dungeons of Doom on dungeon level 5 with 24350 points, and 1520 pieces of gold, after 2430 moves. You were level 1 with a maximum of 12 hit points when you died.